cohdb
Replays
Latest Replays
All Replays
Popular Replays
Top Player Replays
Match Explorer
How It Works
Community
CoH3 Stats
Reddit
Sign in to upload your games and track your stats! →
Sign in with Steam
Match 42455697
Unlisted
Match 42455697
Overview
Messages
Build Orders
End
Kettenkrad Recon Vehicle
Construct Infanterie Kompanie
Selects Breakthrough Battlegroup
Selects Assault Grenadiers
MG 42 Machine Gun Team
Grenadier Squad
GrW 34 Mortar Team
Grenadier Squad
Infanterie Officer Quarters
Construct Panzergrenadier Kompanie
GrW 34 Mortar Team
Construct Panzergrenadier Kompanie
251 Medium Carrier
Support Elements
Selects Smoke Bombing Run
Selects Incendiary Bombing Run
MG 42 Bunker
Incendiary Bombing Run
Pak 40 Anti-tank Gun Team
Pak 40 Anti-tank Gun Team
Smoke Bombing Run
Selects Rapid Production
Selects 2.5-tonne Cargo Truck
Selects 2.5-tonne Cargo Truck
Panzergrenadier Squad
Construct Panzer Kompanie
Incendiary Bombing Run
Smoke Bombing Run
Selects Rapid Production
Panzer IV Medium Tank
Selects Rapid Production
Selects Blitzkrieg
Side Skirts
Aeternus Serenus
Stick Together
Moltke1871
那么唯一
Manganu
soos2609
DDougE
2ain3ows...*
0
0
Comments
sign in to comment!
No comments posted yet!